 Dungeon Crawl Stone Soup version 0.30.1-9-gdf580d7c3d (webtiles) character file.

Game seed: 9060749395879576475

669 Muruk the Cleaver (level 7, -19/64 HPs)
             Began as a Minotaur Chaos Knight on Sept 24, 2023.
             Was a Plaything of Xom.
             Demolished by an ogre
             ... wielding a +0 giant club
              (26 damage)
             ... on level 6 of the Dungeon.
             The game lasted 00:07:19 (4172 turns).

Muruk the Cleaver (Minotaur Chaos Knight)           Turns: 4172, Time: 00:07:19

Health: -19/64     AC:  8    Str: 24    XL:     7   Next: 32%
Magic:  6/6        EV:  8    Int:  9    God:    Xom [...*..]
Gold:   194        SH:  0    Dex: 10    Spells: 6/6 levels left

rFire   . . .        b - +0 hand axe (chaos)
rCold   . . .        (no shield)
rNeg    . . .        j - +0 chain mail
rPois   .            (helmet restricted)
rElec   .            (no cloak)
rCorr   .            (no gloves)
SInv    +            (no boots)
Will    .....        (no amulet) Stlth
                     e - ring of see invisible
HPRegen 0.30/turn    m - +6 ring of strength
MPRegen 0.10/turn

%: no passive effects
@: unable to read
A: horns 2, retaliatory headbutt, hooves 1, inability to read after injury 1
a: Renounce Religion


You were on level 6 of the Dungeon.
You worshipped Xom.
You were a favourite toy of Xom.
You visited 1 branch of the dungeon, and saw 6 of its levels.

You collected 298 gold pieces.
You spent 104 gold pieces at shops.

Inventory:

Hand Weapons
 a - a +1 whip of venom
 b - a +0 hand axe of chaos (weapon)
 f - the +6 long sword of Neurosis {freeze, Drain rN+ Will+ Str+3}
   (You found it on level 2 of the Dungeon)

   Str:       It affects your strength (+3).
   rN:        It protects you from negative energy.
   Drain:     It drains your maximum health when unequipped.
   Will:      It increases your willpower.
Missiles
 n - 5 poisoned darts
 r - 3 datura-tipped darts {=F}
 s - 2 boomerangs of dispersal {=F}
 v - a throwing net {=F}
Armour
 h - a +0 ring mail
 j - a +0 chain mail (worn)
 t - a +2 leather armour
Jewellery
 e - a ring of see invisible (left hand)
 m - a +6 ring of strength (right hand)
Wands
 d - a wand of paralysis (4)
Scrolls
 k - 2 scrolls of teleportation
 l - a scroll of identify
 o - a scroll of amnesia
Potions
 g - a potion of brilliance
 i - 5 potions of curing
 p - 2 potions of flight
 q - a potion of might
 u - a potion of heal wounds
 w - a potion of cancellation
 x - a potion of lignification
Miscellaneous
 c - a piece from Xom's chessboard (15/15) (quivered)


   Skills:
 + Level 6.5 Fighting
 * Level 8.7 Axes
 - Level 2.4 Armour
 - Level 1.1 Dodging


You had 6 spell levels left.
You didn't know any spells.
Your spell library contained the following spells:

 Spells                   Type           Power      Damage    Failure   Level
 Freeze                   Ice            0%         1d3       94%         1
 Call Canine Familiar     Summ           0%         N/A       100%        3
 Frozen Ramparts          Ice            0%         1d1       100%        3
 Hailstorm                Conj/Ice       0%         3d3       100%        3
 Portal Projectile        Hex/Tloc       0%         N/A       100%        3
 Leda's Liquefaction      Hex/Erth       0%         N/A       100%        4


Dungeon Overview and Level Annotations

Branches:
Dungeon (6/15)
 Temple: D:4-7

Altars:
Ashenzari
Elyvilon
Fedhas
Hepliaklqana
Kikubaaqudgha
Okawaru
Qazlal
Xom
Zin
The Shining One

Shops:
D:1 =   D:2 *


Innate Abilities, Weirdness & Mutations

You have a pair of horns on your head.
You reflexively headbutt those who attack you in melee.
You have large cloven feet.
You occasionally lose the ability to read scrolls when taking damage.


Message History

You barely miss the ogre. You slash the ogre! You freeze the ogre.
The ogre is moderately wounded.
The ogre barely misses you.
You hit the ogre. You kick the ogre, but do no damage. You headbutt the ogre!
The ogre is severely wounded.
The ogre hits you with a +0 giant club!!
You hit the ogre. You burn the ogre.
The ogre is almost dead.
You hit the ogre but do no damage.
The ogre is almost dead.
The ogre hits you with a +0 giant club!!
* * * LOW HITPOINT WARNING * * *
You barely miss the ogre. Your kick misses the ogre.
The ogre is almost dead.
You hit the white imp.
The white imp disappears for a moment.
The white imp gestures at you. The puff of frost hits you.
* * * LOW HITPOINT WARNING * * *
You barely miss the ogre. Your kick misses the ogre. You punch the ogre.
The ogre is almost dead.
You hit the white imp but do no damage.
The ogre hits you with a +0 giant club!!
You feel threatened and lose the ability to read scrolls!
* * * LOW HITPOINT WARNING * * *
The white imp hits you but does no damage.
You are too injured to fight recklessly!
You are too injured to fight recklessly!
You are too injured to fight recklessly!
You are too injured to fight recklessly!
You are too injured to fight recklessly!
You are too injured to fight recklessly!
You hit the white imp.
You kick the white imp, but do no damage.
The white imp is heavily wounded.
You hit the ogre.
The ogre easily resists.
The ogre hits you with a +0 giant club!!
You die...
Xom titters!

<.... ## #.#.#
#. #.#.# #.# #.
#.#.###### ...
#. #........#
#.#
##.###..#####.#
#.# ###...###.#
#.# #.#
#.....5...# #.#
#.# #.#..@###.#
#.# #.#
#.(...O##
#.#####.####<#
.......
#....>.......#
[.#....
.....#########
....... .....
......# ######
....## ####


You could see an ogre and a white imp.

Vanquished Creatures
  2 ogres
  2 orc priests
  2 hounds (D:5)
  2 sleepcaps (D:5)
  An iguana (D:5)
  Natasha (thrice) (D:3)
  An orc wizard (D:4)
  Robin (D:3)
  3 gnolls (D:5)
  3 adders (D:5)
  2 ufetubi
  A worm (D:2)
  2 dart slugs (D:3)
  8 orcs
  6 endoplasms
  A giant cockroach (D:1)
  15 goblins
  5 hobgoblins
  11 jackals
  2 quokkas
  9 ball pythons
  4 bats
  3 frilled lizards (D:2)
  8 kobolds
  5 rats (D:3)
102 creatures vanquished.

Vanquished Creatures (others)
  An orc priest (D:4)
1 creature vanquished.

Grand Total: 103 creatures vanquished

Notes
Turn   | Place    | Note
-------+----------+-------------------------------------------
     0 | D:1      | Muruk the Minotaur Chaos Knight began the quest for the
                  | Orb.
     0 | D:1      | Reached XP level 1. HP: 19/19 MP: 0/0
    79 | D:1      | XOM: divination: detect items
   124 | D:1      | XOM: silly message
   178 | D:1      | Found Qips's Jewellery Boutique.
   179 | D:1      | XOM: give mutation
   179 | D:1      | Gained mutation: You occasionally lose the ability to read
                  | scrolls when taking damage. [Xom's mischief]
   222 | D:1      | XOM: god gift: silvery potion {god gift}
   249 | D:1      | Reached skill level 4 in Axes
   251 | D:1      | Reached XP level 2. HP: 25/27 MP: 1/1
   288 | D:1      | XOM: give mutation
   288 | D:1      | Gained mutation: You have large cloven feet. [Xom's grace]
   303 | D:1      | XOM is BORED!
   303 | D:1      | XOM: noise
   307 | D:1      | XOM: 1-stop teleportation journey
   460 | D:1      | XOM: 2-stop teleportation journey
   893 | D:2      | XOM: butterfly on damage
   894 | D:2      | XOM: fog
  1043 | D:2      | Identified the +6 long sword of Neurosis {freeze, Drain rN+
                  | Will+ Str+3}
  1140 | D:2      | Reached XP level 3. HP: 33/33 MP: 2/2
  1186 | D:2      | XOM: 5-stop teleportation journey
  1208 | D:2      | Found a faded altar of an unknown god.
  1481 | D:2      | Found Fekuh's General Store.
  1485 | D:2      | Bought a scroll of identify for 26 gold pieces
  1485 | D:2      | Bought a scroll of teleportation for 39 gold pieces
  1569 | D:3      | Found a stormy altar of Qazlal.
  1578 | D:3      | Reached skill level 5 in Axes
  1578 | D:3      | Reached XP level 4. HP: 32/41 MP: 3/3
  1687 | D:3      | Noticed Robin
  1703 | D:3      | Killed Robin
  1786 | D:3      | Noticed Natasha
  1787 | D:3      | XOM: butterfly on damage
  1792 | D:3      | Killed Natasha
  1793 | D:3      | Reached skill level 6 in Axes
  1803 | D:3      | Noticed Natasha
  1815 | D:3      | Killed Natasha
  1816 | D:3      | Reached skill level 5 in Fighting
  1816 | D:3      | Reached XP level 5. HP: 30/48 MP: 4/4
  1919 | D:3      | Noticed Natasha
  1926 | D:3      | Killed Natasha
  2015 | D:3      | Found a blossoming altar of Fedhas.
  2113 | D:3      | Found an ancient bone altar of Kikubaaqudgha.
  2120 | D:3      | Found an iron altar of Okawaru.
  2121 | D:3      | Found a shimmering altar of Xom.
  2124 | D:3      | Found a white marble altar of Elyvilon.
  2125 | D:3      | Found a glowing golden altar of the Shining One.
  2240 | D:2      | Bought a potion of flight for 39 gold pieces
  2325 | D:4      | XOM: cloud trail
  2420 | D:4      | Found a glowing silver altar of Zin.
  2565 | D:4      | Noticed an ogre
  2571 | D:4      | Killed an ogre
  2572 | D:4      | Reached skill level 7 in Axes
  2572 | D:4      | Reached XP level 6. HP: 16/57 MP: 5/5
  3093 | D:5      | Entered Level 5 of the Dungeon
  3162 | D:5      | XOM: butterfly on damage
  3259 | D:5      | Reached skill level 8 in Axes
  3393 | D:5      | Reached XP level 7. HP: 63/63 MP: 6/6
  3764 | D:5      | Found a broken altar of Ashenzari.
  3770 | D:5      | XOM: swap monsters
  4001 | D:5      | Found a hazy altar of Hepliaklqana.
  4164 | D:6      | XOM: snakes to sticks
  4172 | D:6      | Demolished by an ogre

Illustrated notes

Levels and vault maps discovered:
D:1:      dpeg_arrival_line_fractal, layout_basic, serial_shops, shop
D:2:      layout_loops_ring, ebering_ecumenical_altar_ruins, serial_shops,
          nicolae_shop_behind_doors, minmay_tromino_i2
D:3:      layout_rooms, grunt_temple_overflow_forces_of_nature, minitemple,
          minmay_gold_behind_fungi, uniq_natasha, uniq_robin
D:4:      layout_loops_ring, zin_treasury
D:5:      layout_loops_ring, worldfamousw_hep_ancestral_shrine,
          ashenzari_conservatory_becter, hangedman_decor_opposing,
          grunt_ministairs_9
D:6:      layout_loops_ring

Skill      XL: |  1  2  3  4  5  6 |
---------------+-------------------+-----
Axes           | 4 5 6 7 8 |  8.7
Fighting       | 4 5 6 |  6.5
Armour         | |  2.4
Dodging        | |  1.1

Action                     |  1- 3 |  4- 6 |  7- 9 || total
---------------------------+-------+-------+-------++-------
  Melee: Hand axe          |    63 |    85 |    42 ||   190
         Headbutt          |     5 |    12 |    12 ||    29
         Kick              |     8 |    19 |     9 ||    36
         Punch             |       |     1 |     2 ||     3
    Use: Scroll            |     7 |     2 |     4 ||    13
 Armour: Leather armour    |    18 |    15 |       ||    33
         Chain mail        |       |    19 |    21 ||    40
  Dodge: Dodged            |    41 |    54 |    14 ||   109
